 Dungeon Crawl Stone Soup version 0.23.2-33-g5129a83184 (webtiles) character file.

Game seed: 5423172291257539408

80 Meegle the Firebug (level 4, 0/24 HPs)
             Began as a Deep Elf Fire Elementalist on July 21, 2019.
             Succumbed to a worker ant's poison
             ... on level 2 of the Dungeon.
             The game lasted 00:02:40 (1464 turns).

Meegle the Firebug (Deep Elf Fire Elementalist)     Turns: 1464, Time: 00:02:40

Health: 0/24       AC:  2    Str:  5    XL:     4   Next: 18%
Magic:  1/11       EV: 13    Int: 21    God:
Gold:   54         SH:  0    Dex: 15    Spells: 9/10 levels left

rFire    . . .     SeeInvis .   (no weapon)
rCold    . . .     Gourm    .   (no shield)
rNeg     . . .     Faith    .   a - +0 robe
rPois    .         Spirit   .   (no helmet)
rElec    .         Reflect  .   (no cloak)
rCorr    .         Harm     .   (no gloves)
MR       .....                  (no boots)
Stlth    ++........             (no amulet)
HPRegen  0.08/turn              (no ring)
MPRegen  0.12/turn              (no ring)

@: lethally poisoned (0 -> -8)
A: no striking features
a: no special abilities


You were on level 2 of the Dungeon.
You were not hungry.

You visited 1 branch of the dungeon, and saw 2 of its levels.

You collected 54 gold pieces.

Inventory:

Armour
 a - a +0 robe (worn)
Scrolls
 b - a scroll of teleportation {unknown}
 d - 2 scrolls of identify {unknown}
 g - 2 scrolls of random uselessness {unknown}
 h - a scroll of enchant armour {unknown}
 i - 3 scrolls of remove curse {unknown}
 j - a scroll of blinking {unknown}
Potions
 l - a potion of invisibility
Comestibles
 c - 3 rations
 k - 2 chunks of flesh


   Skills:
 + Level 2.7 Dodging
 + Level 3.5 Stealth
 + Level 3.9 Spellcasting
 + Level 1.4 Conjurations
 + Level 4.2 Fire Magic


You had 9 spell levels left.
You knew the following spells:

 Your Spells              Type           Power        Failure   Level  Hunger
a - Flame Tongue          Conj/Fire      ###..        3%          1    None

Your spell library contained the following spells:

 Spells                   Type           Power        Failure   Level  Hunger
 Throw Flame              Conj/Fire      ###...       5%          2    #......
 Conjure Flame            Conj/Fire      ###.....     11%         3    ###....
 Inner Flame              Hex/Fire       ##......     16%         3    ###....
 Sticky Flame             Conj/Fire      ###.....     36%         4    ####...
 Fireball                 Conj/Fire      ###.......   71%         5    ######.


Dungeon Overview and Level Annotations

Branches:
Dungeon (2/15)

Altars:
Ashenzari
Dithmenos
Elyvilon
Uskayaw
Xom
Zin


Message History

You fade into invisibility!
* * * LOW HITPOINT WARNING * * *
You feel sick. The hobgoblin barely misses you.
It was a potion of resistance.
You feel protected.
* * * LOW HITPOINT WARNING * * *
You feel sick.
The hobgoblin hits you but does no damage.
It was a potion of cancellation.
Your magical effects are unravelling.
You feel magically purged.
Your magical contamination has completely faded away.
You flicker back into view.
Your resistance to elements expires.
The hobgoblin barely misses you.
* * * LOW HITPOINT WARNING * * *
You feel sick.
Okay, then.
* * * LOW HITPOINT WARNING * * *
You feel sick.
You die...

#.##....#####.#
............... #.##....###
#.# ## ..##[...# #.# ..
####....## #.# .#
##.......####.# .# ##
.'............## .# ..
##.......####..######.#.#.#
#.......# #...@.g.......#
#.......# ##..####.####..
#.......# ##.# #.# .
#.......# #.# #†# ...
#.......# #[# ##.##.....
#........ ..# #......_..
..# #.#....... ......
..g.... ..### $....##


You could see a hobgoblin.

Vanquished Creatures
  A worker ant (D:2)
  A gnoll (D:1)
  An adder (D:2)
  2 dart slugs (D:2)
  2 leopard geckos
  4 bats
  3 giant cockroaches (D:1)
  3 goblins (D:1)
  3 hobgoblins (D:1)
  2 jackals (D:1)
  3 kobolds (D:1)
  A quokka (D:2)
  2 frilled lizards (D:1)
  4 rats
32 creatures vanquished.

Notes
Turn   | Place    | Note
-------+----------+-------------------------------------------
     0 | D:1      | Meegle the Deep Elf Fire Elementalist began the quest for
                  | the Orb.
     0 | D:1      | Reached XP level 1. HP: 10/10 MP: 6/6
   196 | D:1      | Reached XP level 2. HP: 15/15 MP: 6/8
   913 | D:1      | Reached skill level 4 in Fire Magic
   913 | D:1      | Reached XP level 3. HP: 14/19 MP: 3/10
  1229 | D:2      | Found a white marble altar of Elyvilon.
  1229 | D:2      | Found a shimmering altar of Xom.
  1235 | D:2      | Found a shadowy altar of Dithmenos.
  1237 | D:2      | Found a glowing silver altar of Zin.
  1239 | D:2      | Found a hide-covered altar of Uskayaw.
  1441 | D:2      | Found a shattered altar of Ashenzari.
  1454 | D:2      | Reached XP level 4. HP: 12/24 MP: 2/11
  1462 | D:2      | HP: 1/24 [poisoned by a worker ant]
  1464 | D:2      | Succumbed to a worker ant's poison

Skill      XL: |  1  2  3 |
---------------+----------+-----
Fire Magic     | 4 |  4.2
Stealth        | 3 |  3.5
Dodging        | |  2.7
Spellcasting   | |  3.9
Conjurations   | |  1.4

Action                   |  1- 3 |  4- 6 || total
-------------------------+-------+-------++-------
Melee: Unarmed           |     1 |       ||     1
 Cast: Flame Tongue      |    65 |     3 ||    68
  Use: Potion            |       |     3 ||     3
  Eat: Chunk             |     1 |       ||     1
Armor: Robe              |     5 |       ||     5
Dodge: Dodged            |    18 |     3 ||    21
